 Dungeon Crawl Stone Soup version 0.27-a0-419-g7a85846853 (webtiles) character file.

Game seed: 8824782214947046239

12380 Mitsuki the Destroyer (level 11, -1/61 HPs)
             Began as a Deep Elf Conjurer on Jan 20, 2021.
             Was a High Priest of Cheibriados.
             Slain by Snorg (14 damage)
             ... on level 11 of the Dungeon on Feb 26, 2021.
             The game lasted 01:10:42 (15219 turns).

Mitsuki the Destroyer (Deep Elf Conjurer)          Turns: 15219, Time: 01:10:43

Health: -1/61      AC: 10    Str: 19    XL:     11   Next: 61%
Magic:  26/33      EV: 20    Int: 43    God:    Cheibriados [*****.]
Gold:   681        SH:  0    Dex: 27    Spells: 14/25 levels left

rFire    . . .     SeeInvis +   q - +2 dagger (elec)
rCold    . . .     Faith    .   (no shield)
rNeg     . . .     Spirit   .   F - +0 swamp dragon scales
rPois    +         Reflect  .   a - +1 hat {Int+3}
rElec    .         Harm     .   (no cloak)
rCorr    .         Rampage  .   D - +0 pair of gloves
Will     +....                  (no boots)
Stlth    ++........             (no amulet)
HPRegen  0.20/turn              x - ring of magical power
MPRegen  0.23/turn              K - ring of see invisible

@: very slow
A: no striking features
a: Renounce Religion, Bend Time, Temporal Distortion, Slouch, Step From Time


You were on level 11 of the Dungeon.
You worshipped Cheibriados.
Cheibriados was extremely pleased with you.
You visited 1 branch of the dungeon, and saw 11 of its levels.

You collected 681 gold pieces.

Inventory:

Hand Weapons
 q - a +2 dagger of electrocution (weapon)
Missiles
 e - 2 boomerangs of dispersal (quivered)
 k - 6 curare-tipped darts
Armour
 a - a +1 hat of intelligence (worn)
 z - the +0 helmet "Xickar" {rPois rCorr}
   (You found it on level 11 of the Dungeon)

   It protects you from poison.
   It provides partial protection from all sources of acid and corrosion.
 D - a +0 pair of gloves (worn)
 F - +0 swamp dragon scales (worn)
Magical Staves
 B - a staff of earth
Jewellery
 r - a ring of willpower
 x - a ring of magical power (left hand)
 K - a ring of see invisible (right hand)
Wands
 p - a wand of digging (12)
 A - a wand of paralysis (11)
 G - a wand of charming (13)
 I - a wand of iceblast (7)
Scrolls
 c - a scroll of magic mapping {unknown}
 d - 2 scrolls of fear
 f - a scroll of noise {unknown}
 g - 3 scrolls of fog {unknown}
 j - 6 scrolls of removedness
 l - 3 scrolls of immolation
 o - 2 scrolls of blinking {unknown}
 t - 3 scrolls of teleportation
 v - 3 scrolls of amnesia {unknown}
 y - 2 scrolls of torment
 C - 6 scrolls of enchant weapon
 E - 2 scrolls of identify
Potions
 b - a potion of lignification {unknown}
 h - a potion of berserk rage {unknown}
 i - 2 potions of degeneration {unknown}
 m - a potion of invisibility
 n - a potion of might {unknown}
 s - 3 potions of flight {unknown}
 u - 2 potions of magic {unknown}
 w - 4 potions of curing {unknown}
 H - a potion of mutation {unknown}


   Skills:
 + Level 4.2 Fighting
 + Level 4.2 Armour
 - Level 8.5 Dodging
 - Level 2.4 Stealth
 + Level 7.5 Spellcasting
 * Level 13.6 Conjurations
 + Level 3.5 Necromancy
 + Level 8.5 Invocations


You had 14 spell levels left.
You knew the following spells:

 Your Spells              Type           Power        Failure   Level
a - Magic Dart            Conj           100%         0%          1
b - Searing Ray           Conj           100%         1%          2
c - Necromutation         Tmut/Necr      15%          100%        8

Your spell library contained the following spells:

 Spells                   Type           Power        Failure   Level
 Shock                    Conj/Air       100%         1%          1
 Dazzling Flash           Conj/Hex       100%         1%          3
 Static Discharge         Conj/Air       65%          1%          3
 Fulminant Prism          Conj/Hex       32%          1%          4
 Iskenderun's Mystic Bla  Conj/Tloc      65%          1%          4
 Summon Small Mammal      Summ           64%          3%          1
 Call Imp                 Summ           16%          4%          2
 Swiftness                Air            16%          4%          2
 Lightning Bolt           Conj/Air       32%          5%          5
 Call Canine Familiar     Summ           16%          10%         3
 Summon Guardian Golem    Hex/Summ       16%          10%         3
 Airstrike                Air            8%           30%         4
 Summon Ice Beast         Ice/Summ       16%          30%         4
 Summon Lightning Spire   Summ/Air       16%          30%         4
 Borgnjor's Revivificati  Necr           23%          100%        8
 Infestation              Necr           23%          100%        8
 Death's Door             Necr           23%          100%        9


Dungeon Overview and Level Annotations

Branches:
Dungeon (11/15)            Temple (0/1) D:5            Lair (0/6) D:11
    Orc: D:9-12

Altars:
Cheibriados
Dithmenos
Elyvilon
Fedhas
Gozag
Okawaru
Qazlal
Ru
Sif Muna
Trog
Uskayaw
Wu Jian
Xom
Yredelemnul

Shops:
D:6 :   D:10 *

Portals:
Trove: D:10 (give 11 potions of heal wounds)

Annotations:
D:11 Snorg


Message History

Found 11 arrows.
Casting: Searing Ray (safe; 1% risk of failure)
Confirm with . or Enter, or press ? or * to list all spells.
The magic dart hits Snorg.
Snorg is lightly wounded.
You now have 32/33 mp.
Casting: Magic Dart (safe; 0% risk of failure)
Confirm with . or Enter, or press ? or * to list all spells.
Aiming: Searing Ray (safe; 1% risk of failure)
Press: ? - help, Shift-Dir - straight line, f/p - Snorg
Aim: Snorg (lightly wounded, 17% to evade)
The searing ray hits Snorg!
Snorg is lightly wounded. (Press . to maintain the ray.)
You now have 30/33 mp.
The searing ray hits Snorg!
Snorg is moderately wounded.
Snorg goes berserk!
You now have 29/33 mp.
The searing ray hits Snorg!
Snorg is moderately wounded.
The searing ray hits Snorg!
Snorg is moderately wounded.
You finish channeling your searing ray.
Snorg misses you. Snorg claws you. Snorg claws you!!
You take 23 damage, and have 38/61 hp.
MASSIVE DAMAGE!!
You now have 28/33 mp.
Casting: Searing Ray (safe; 1% risk of failure)
Confirm with . or Enter, or press ? or * to list all spells.
Aiming: Searing Ray (safe; 1% risk of failure)
Press: ? - help, Shift-Dir - straight line, f/p - Snorg
Aim: Snorg (moderately wounded, berserk, 17% to evade)
The searing ray hits Snorg!
Snorg is heavily wounded. (Press . to maintain the ray.) Snorg bites you!!
* * * LOW HITPOINT WARNING * * *
Snorg claws you.
* * * LOW HITPOINT WARNING * * *
Snorg claws you!
You die...

..#..
#...##..#... #.
#...#....#..#...
#...)..)......#
...#..#....#...#
. #..##...#...#
#.....###...#
##.........##
...####......#
.......@...###
.....[T#####
....... .......
....... .......
....... ..#.(..


You could see Snorg (berserk).

Vanquished Creatures
  Gastronok (D:9)
  2 two-headed ogres
  An unseen horror (D:11)
  An ugly thing (D:11)
  Joseph (D:7)
  Maggie (D:7)
  A gargoyle (D:11)
  2 centaur skeletons (D:10)
  An efreet (D:11)
  A vampire (D:10)
  2 shadows (D:11)
  A spriggan (shapeshifter) (D:11)
  4 yaks
  2 orc warriors
  A water moccasin (D:10)
  4 black bears
  3 sky beasts
  6 ice beasts
  7 necrophages
  3 ogres
  4 centaurs
  2 kobold brigands
  A phantom (D:11)
  A wyvern zombie (D:9)
  2 gnoll sergeants
  4 bullfrogs
  A wyvern skeleton (D:6)
  A water moccasin zombie (D:10)
  5 scorpions
  4 killer bees (D:9)
  13 wights
  5 howler monkeys
  3 centaur zombies
  A bullfrog skeleton (D:5)
  4 hounds
  6 orc wizards
  A bullfrog zombie (D:9)
  3 orc priests
  A jelly (D:9)
  2 iguanas
  11 worker ants
  A hound skeleton (D:5)
  A worker ant zombie (D:10)
  5 gnolls
  8 adders
  A shadow imp (D:5)
  2 white imps (D:6)
  An ooze (D:2)
  2 worms
  3 dart slugs
  7 leopard geckos
  28 orcs
  7 bats
  17 giant cockroaches
  2 gnoll zombies (D:8)
  9 goblins
  5 hobgoblins
  6 jackals (D:4)
  6 quokkas
  3 frilled lizards
  15 kobolds
  A leopard gecko skeleton (D:9)
  2 quokka skeletons (D:4)
  12 rats
264 creatures vanquished.

Vanquished Creatures (others)
  2 fungi (D:6)
  A plant (D:6)
  3 withered plants (D:10)
6 creatures vanquished.

Grand Total: 270 creatures vanquished

Notes
Turn   | Place    | Note
-------+----------+-------------------------------------------
     0 | D:1      | Mitsuki the Deep Elf Conjurer began the quest for the Orb.
     0 | D:1      | Reached XP level 1. HP: 10/10 MP: 6/6
   150 | D:1      | Reached XP level 2. HP: 8/15 MP: 1/8
   858 | D:1      | Reached skill level 5 in Conjurations
  1176 | D:2      | Upgraded the game from 0.27-a0-96-gb51a1d6fd6 to
                  | 0.27-a0-169-gd3d0dda1a4
  1179 | D:2      | Learned a level 2 spell: Searing Ray
  1204 | D:2      | Reached XP level 3. HP: 18/19 MP: 6/10
  1697 | D:2      | Found a bloodstained altar of Trog.
  1937 | D:2      | Reached XP level 4. HP: 24/24 MP: 8/11
  2474 | D:2      | Found a snail-covered altar of Cheibriados.
  2482 | D:2      | Became a worshipper of Cheibriados the Contemplative
  2764 | D:3      | Found an iron altar of Okawaru.
  3157 | D:4      | Reached XP level 5. HP: 28/28 MP: 5/13
  3226 | D:4      | Reached skill level 1 in Invocations
  3354 | D:4      | Noticed an ice beast
  3378 | D:4      | Killed an ice beast
  3379 | D:4      | Reached skill level 1 in Fighting
  3379 | D:4      | Reached skill level 6 in Conjurations
  3379 | D:4      | Reached XP level 6. HP: 34/34 MP: 6/15
  3474 | D:4      | Reached * piety under Cheibriados
  4263 | D:5      | Entered Level 5 of the Dungeon
  4339 | D:5      | Reached skill level 5 in Spellcasting
  4610 | D:5      | Found a staircase to the Ecumenical Temple.
  4865 | D:5      | Reached ** piety under Cheibriados
  4866 | D:5      | Reached XP level 7. HP: 39/39 MP: 9/16
  4910 | D:5      | Upgraded the game from 0.27-a0-169-gd3d0dda1a4 to
                  | 0.27-a0-198-g1307ea1511
  5164 | D:6      | Found a blossoming altar of Fedhas.
  5273 | D:6      | Found a stormy altar of Qazlal.
  5431 | D:5      | Reached skill level 7 in Conjurations
  5748 | D:6      | Reached skill level 5 in Dodging
  5874 | D:6      | Found Elun's Book Shop.
  5996 | D:6      | Found an ornate altar of the Wu Jian Council.
  6274 | D:6      | Reached XP level 8. HP: 44/44 MP: 15/19
  6339 | D:6      | Found a shadowy altar of Dithmenos.
  6526 | D:7      | Reached skill level 8 in Conjurations
  6639 | D:7      | Reached *** piety under Cheibriados
  7160 | D:7      | Found a sacrificial altar of Ru.
  7311 | D:7      | Reached skill level 9 in Conjurations
  7390 | D:7      | Reached skill level 5 in Invocations
  7718 | D:7      | Noticed Joseph
  7725 | D:7      | Killed Joseph
  7726 | D:7      | Reached XP level 9. HP: 27/48 MP: 11/20
  7948 | D:8      | Noticed a two-headed ogre
  8036 | D:8      | Killed a two-headed ogre
  8037 | D:8      | Reached skill level 10 in Conjurations
  8533 | D:8      | Noticed Maggie
  9406 | D:7      | Reached **** piety under Cheibriados
  9671 | D:7      | Reached skill level 11 in Conjurations
  9771 | D:7      | Killed Maggie
 10020 | D:8      | Reached XP level 10. HP: 53/53 MP: 15/21
 10080 | D:8      | Found a basalt altar of Yredelemnul.
 10240 | D:8      | Found a shimmering altar of Xom.
 10570 | D:9      | Noticed a two-headed ogre
 10576 | D:9      | Killed a two-headed ogre
 10577 | D:9      | Reached skill level 1 in Armour
 10577 | D:9      | Reached skill level 12 in Conjurations
 11256 | D:9      | Found a shimmering altar of Xom.
 11257 | D:9      | Found a shimmering blue altar of Sif Muna.
 11257 | D:9      | Found a hide-covered altar of Uskayaw.
 11260 | D:9      | Found an opulent altar of Gozag.
 11362 | D:9      | Reached ***** piety under Cheibriados
 11488 | D:9      | Noticed Gastronok
 11504 | D:9      | Killed Gastronok
 11706 | D:9      | Learned a level 8 spell: Necromutation
 11896 | D:10     | Entered Level 10 of the Dungeon
 12654 | D:10     | Reached skill level 1 in Necromancy
 12661 | D:10     | Reached XP level 11. HP: 59/60 MP: 15/22
 12702 | D:10     | Found Uvym's Assorted Antiques.
 12854 | D:9      | Reached skill level 13 in Conjurations
 13209 | D:10     | Upgraded the game from 0.27-a0-198-g1307ea1511 to
                  | 0.27-a0-409-gd57800a693
 13337 | D:10     | Found a white marble altar of Elyvilon.
 13486 | D:10     | Found a portal to a secret trove of treasure.
 14260 | D:10     | Upgraded the game from 0.27-a0-409-gd57800a693 to
                  | 0.27-a0-419-g7a85846853
 14423 | D:11     | Found a staircase to the Lair.
 14604 | D:11     | Noticed a purple ugly thing
 14614 | D:11     | Killed a purple ugly thing
 15086 | D:11     | Identified the +0 helmet "Xickar" {rPois rCorr}
 15136 | D:11     | Noticed an unseen horror
 15146 | D:11     | Killed an unseen horror
 15213 | D:11     | Noticed Snorg
 15219 | D:11     | Slain by Snorg

Illustrated notes

Levels and vault maps discovered:
D:1:      onia_arrival_handbag, layout_basic
D:2:      minmay_roachtagon, layout_basic, kennysheep_slug_shrine, bloody_trog
D:3:      layout_rooms, okawaru_metal_pillars_3
D:4:      layout_gridville
D:5:      layout_basic, minmay_temple_entry_mini_moons
D:6:      layout_rooms, grunt_temple_overflow_forces_of_nature,
          nzn_wu_jian_contemplation, marbit_many_paths, serial_shops, shop,
          kennysheep_generic_room_13
D:7:      layout_loops_ring, basic_altar, uniq_joseph
D:8:      layout_cave_pools, lemuel_zombie_altar_yredelemnul, basic_altar,
          uniq_maggie
D:9:      layout_basic, nicolae_gozag_seed_capital,
          chequers_temple_overflow_statue_of_worship, uniq_gastronok
D:10:     layout_irregular_city, serial_shops, nicolae_shop_window_shopping,
          serial_undead, serial_undead_a, serial_undead_a, serial_undead_a,
          serial_undead_c, serial_undead_e, serial_undead_d, serial_undead_f,
          serial_undead_a, nicolae_trove_entry_crossroad, lemuel_tele_altar
D:11:     minmay_imperfect_grid, layout_cross, lair_entry_dummy, david_orc_2,
          minmay_radiant, uniq_snorg

Skill      XL: |  1  2  3  4  5  6  7  8  9 10 11 |
---------------+----------------------------------+-----
Conjurations   | 5 6 7 9 11 12 13 | 13.6
Dodging        | 3 4 5 7 8 |  8.5
Spellcasting   | 4 5 6 7 |  7.5
Invocations    | 1 2 3 5 7 8 |  8.5
Fighting       | 1 3 4 |  4.2
Armour         | 3 4 |  4.2
Necromancy     | 1 3 |  3.5
Stealth        | |  2.4

Action                   |  1- 3 |  4- 6 |  7- 9 | 10-12 || total
-------------------------+-------+-------+-------+-------++-------
Melee: Short sword       |     8 |       |       |       ||     8
       Dagger            |       |       |    44 |    47 ||    91
 Cast: Magic Dart        |    86 |   139 |   115 |   124 ||   464
       Searing Ray       |     1 |     7 |    43 |    73 ||   124
  Use: Scroll            |       |     1 |     8 |     2 ||    11
       Potion            |       |       |       |     2 ||     2
 Stab: Sleeping          |       |       |     3 |     5 ||     8
Armor: Robe              |     2 |     2 |    18 |       ||    22
       Swamp dragon scal |       |       |       |    26 ||    26
Dodge: Dodged            |    11 |    17 |   154 |   128 ||   310

Table legend: (Time is in decaauts)
 A = Elapsed time spent in this place.
 B = Non-inter-level travel time spent in this place.
 C = Inter-level travel time spent in this place.
 D = Time resting spent in this place.
 E = Time spent auto-exploring this place.
 F = Levels seen in this place.
 G = Mean time per level.
                   A        B        C        D        E       F      G
               +--------+--------+--------+--------+--------+-----+--------+
         Total |  18431 |  16749 |   1682 |   4746 |  10011 |  11 | 1675.5 |
       Dungeon |  18431 |  16749 |   1682 |   4746 |  10011 |  11 | 1675.5 |
               +--------+--------+--------+--------+--------+-----+--------+

Top non-repeatable levels by time:
     D:7: 3656 daAuts
    D:10: 2676 daAuts
     D:9: 2425 daAuts
     D:2: 1444 daAuts
     D:5: 1423 daAuts
     D:6: 1380 daAuts
     D:4: 1292 daAuts
     D:8: 1176 daAuts
     D:1: 1174 daAuts
    D:11: 1061 daAuts
     D:3: 718 daAuts
